 Seeded DCSS version 0.29-a0-378-gc08b2e8bf8 (webtiles) character file.

Game seed: 13605594255664981076 (custom seed)

23791 thiscave3701365 the Severer (level 12, -9/168 HPs)
             Began as a Minotaur Berserker on May 4, 2022.
             Was an Elder of Trog.
             Mangled by a bog body (22 damage)
             ... on level 3 of the Lair of Beasts.
             The game lasted 00:16:42 (29643 turns).

thiscave3701365 the Severer (Minotaur Berserker)   Turns: 29643, Time: 00:16:43

Health: -9/168     AC: 16    Str: 30    XL:     12   Next: 75%
Magic:  11/11      EV: 11    Int:  4    God:    Trog [****..]
Gold:   827        SH:  0    Dex: 10    Spells: 11/11 levels left

rFire   . . .      SeeInvis .   h - +0 battleaxe
rCold   . . .      Faith    .   (shield currently unavailable)
rNeg    . . .      Spirit   .   A - +0 chain mail "Fuibbaimp" {Str+3}
rPois   .          Reflect  .   (helmet restricted)
rElec   .          Harm     .   C - +0 cloak
rCorr   .          Rampage  .   (no gloves)
Will    .....                   x - +0 pair of boots
Stlth   ..........              (no amulet)
HPRegen 0.38/turn               (no ring)
MPRegen 0.12/turn               (no ring)

@: berserking, slowed, very slow
A: horns 2, retaliatory headbutt
a: Renounce Religion, Berserk, Trog's Hand, Brothers in Arms


You were on level 3 of the Lair of Beasts.
You worshipped Trog.
Trog was greatly pleased with you.
You visited 2 branches of the dungeon, and saw 15 of its levels.
You also visited: Ossuary.

You collected 827 gold pieces.

Inventory:

Hand Weapons
 h - a +0 battleaxe (weapon)
Missiles
 v - 2 throwing nets
Armour
 x - a +0 pair of boots (worn)
 A - the +0 chain mail "Fuibbaimp" (worn) {Str+3}
   (You found it on level 5 of the Dungeon)

   Str:       It affects your strength (+3).
 C - a +0 cloak (worn)
Jewellery
 r - a ring of protection from cold
 G - a ring of magical power
Wands
 a - a wand of paralysis (5)
 g - a wand of iceblast (10)
 u - a wand of charming (10)
 w - a wand of digging (8)
 y - a wand of polymorph (17)
Scrolls
 d - a scroll of fear
 e - a scroll of blinking
 i - 2 scrolls of vulnerability
 k - 3 scrolls of poison
 q - 2 scrolls of teleportation
 D - 2 scrolls of enchant weapon {unknown}
 E - a scroll of amnesia {unknown}
 F - 2 scrolls of identify
Potions
 b - 3 potions of degeneration
 c - 5 potions of brilliance
 f - 7 potions of haste
 j - 3 potions of magic
 l - a potion of might
 m - a potion of ambrosia
 n - 2 potions of flight
 o - 4 potions of lignification
 p - 3 potions of cancellation
 s - 6 potions of heal wounds
 t - 3 potions of mutation {unknown}
 z - a potion of resistance {unknown}
 B - 8 potions of curing
 H - a potion of attraction {unknown}


   Skills:
 + Level 12.1 Fighting
 + Level 16.7 Axes
 + Level 14.8 Armour
 + Level 5.4 Dodging
 + Level 2.6 Stealth
 + Level 0.9 Unarmed Combat


You had 11 spell levels left.
You didn't know any spells.
Your spell library was empty.

Dungeon Overview and Level Annotations

Branches:
Dungeon (12/15)            Temple (0/1) D:4            Lair (3/6) D:8
Ossuary (visited)
  Swamp: Lair:2-4    Shoals: Lair:2-4     Snake: Lair:2-4    Spider: Lair:2-4
    Orc: D:9-12

Altars:
Ashenzari
Cheibriados
Gozag
Makhleb
Nemelex Xobeh
Okawaru
Uskayaw
Zin

Shops:
D:6 !

Annotations:
Lair:3 3 runed translucent doors, Gelos's ghost, journeyman HuCj


Innate Abilities, Weirdness & Mutations

You have a pair of horns on your head.
You reflexively headbutt those who attack you in melee.


Message History

The swamp worm is severely wounded.
You slice the swamp worm!! The swamp worm closely misses you.
The swamp worm bites you!
Unknown command.
You slash the swamp worm!
You kill the swamp worm!
Trog accepts your kill.
You hit the swamp worm.
The bog body points at you and mumbles some strange words.
You feel yourself slow down. The swamp worm misses you.
You slash the komodo dragon! You headbutt the komodo dragon!
The komodo dragon is moderately wounded.
You hit the swamp worm. The swamp worm bites you! The komodo dragon bites you!!
You hit the komodo dragon but do no damage.
Your headbutt misses the komodo dragon.
The komodo dragon is moderately wounded.
You slash the swamp worm!
You kill the swamp worm!
Trog accepts your kill. The komodo dragon bites you!
* * * LOW HITPOINT WARNING * * *
A red film seems to cover your vision as you go berserk!
You feel yourself moving faster!
You feel mighty!
The komodo dragon bites you but does no damage.
The komodo dragon bites you!
* * * LOW HITPOINT WARNING * * *
Your unstable footing causes you to fumble your attack.
The komodo dragon misses you.
You slice the komodo dragon!! You headbutt the komodo dragon!
The komodo dragon is almost dead.
You barely miss the komodo dragon. You headbutt the komodo dragon.
You kill the komodo dragon!
Trog accepts your kill.
You slash the bog body!
The bog body touches you but does no damage.
Your unstable footing causes you to fumble your attack.
The bog body touches you!
* * * LOW HITPOINT WARNING * * *
The bog body freezes you!!
You die...

...##..##..♣ ♣.......###....
..P##..###.♣♣≈..≈♣♣.......##.....
.........#.♣♣≈.♣≈♣♣##.P....#.....
.P.......#.♣♣≈.?≈♣ ###..........
..#.....#..♣♣≈..≈♣♣♣####..#......
. #.....##..♣ ..≈♣.....+..##.....
#......#..♣≈♣.≈♣.........<.....
#P....##..♣≈..n♣...#..(.##.....
##.#..##..♣ .♣@♣( ###..##.....
..........♣♣.†♣♣ ##...##.###
..........?♣..♣ .##....P.####
...........♣..♣................
............⌠⌠.................
.#.P...#.......................
###.#.#.......................
#P.###..................##.##
.... #.....####.#.......##.##


You could see a bog body.

Vanquished Creatures
  A boulder beetle (D:11)
  A hydra (D:11)
  A two-headed ogre (D:8)
  Amaemon (D:8)
  An ugly thing (D:9)
  A cyclops (D:6)
  A manticore (D:7)
  10 elephants
  An orange demon (D:8)
  5 cane toads
  An unseen horror (D:11)
  2 gargoyles
  2 komodo dragons
  3 trolls
  A hornet (D:6)
  5 blink frogs (Lair:1)
  A shadow (D:11)
  A vampire (D:11)
  29 yaks
  A wraith (D:9)
  Grum (D:8)
  A steam dragon (D:8)
  A wyvern (D:7)
  12 vampire mosquitoes
  2 swamp worms (Lair:3)
  8 water moccasins
  2 acid dragons
  3 ice beasts
  2 orc warriors
  A sky beast (D:7)
  2 black bears
  3 ogres
  3 centaurs
  2 wolves (D:8)
  3 phantoms
  4 kobold brigands
  2 elf zombies (Ossuary)
  2 necrophages (D:5)
  A gnoll sergeant (D:9)
  2 bullfrogs
  2 scorpions (D:6)
  5 wights (D:7)
  9 killer bees
  2 howler monkeys
  A centaur zombie (Ossuary)
  A hound (D:5)
  A human zombie (Ossuary)
  2 orc priests (D:4)
  A jelly (D:6)
  2 gnoll shamans
  An iguana (D:3)
  7 orc wizards
  3 mummies
  21 gnolls
  9 adders
  A shadow imp (D:7)
  2 white imps (D:7)
  2 ufetubi
  An adder zombie (Ossuary)
  A worm (D:5)
  44 orcs
  4 endoplasms
  3 giant cockroaches
  8 goblins
  4 hobgoblins
  3 jackals (D:1)
  A quokka (D:4)
  10 ball pythons
  A bat (D:3)
  3 frilled lizards
  A goblin zombie (Ossuary)
  12 hobgoblin zombies
  17 kobolds
  10 kobold zombies
  6 orc zombies (Ossuary)
  7 rats
  4 rat zombies (Ossuary)
338 creatures vanquished.

Vanquished Creatures (others)
  4 fungi
  17 plants
21 creatures vanquished.

Grand Total: 359 creatures vanquished

Notes
Turn   | Place    | Note
-------+----------+-------------------------------------------
     0 | D:1      | thiscave3701365 the Minotaur Berserker began the quest for
                  | the Orb.
     0 | D:1      | Reached XP level 1. HP: 19/19 MP: 0/0
   338 | D:1      | Found a faded altar of an unknown god.
   492 | D:1      | Reached XP level 2. HP: 25/27 MP: 1/1
   847 | D:1      | Reached skill level 4 in Axes
  1285 | D:2      | Reached XP level 3. HP: 33/33 MP: 2/2
  1381 | D:2      | Reached XP level 4. HP: 5/41 MP: 3/3
  3144 | D:3      | Found a burning altar of Makhleb.
  3144 | D:3      | Found a hide-covered altar of Uskayaw.
  3578 | D:3      | Reached XP level 5. HP: 47/47 MP: 4/4
  3604 | D:3      | Reached ** piety under Trog
  3605 | D:3      | Reached skill level 5 in Axes
  4454 | D:4      | Noticed an ogre
  4461 | D:4      | Killed an ogre
  4462 | D:4      | Reached skill level 5 in Fighting
  4908 | D:4      | Found a staircase to the Ecumenical Temple.
  4975 | D:4      | Found an opulent altar of Gozag.
  4975 | D:4      | Found a sparkling altar of Nemelex Xobeh.
  5081 | D:4      | Reached XP level 6. HP: 48/56 MP: 5/5
  5570 | D:4      | Found an iron altar of Okawaru.
  5821 | D:4      | Found a snail-covered altar of Cheibriados.
  5869 | D:4      | Reached skill level 6 in Axes
  5985 | D:4      | Reached skill level 1 in Stealth
  6295 | D:5      | Entered Level 5 of the Dungeon
  6480 | D:5      | Reached skill level 5 in Armour
  6488 | D:5      | Reached XP level 7. HP: 57/61 MP: 6/6
  7182 | D:5      | Reached skill level 7 in Axes
  8037 | D:5      | Reached skill level 8 in Axes
  8037 | D:5      | Reached XP level 8. HP: 70/70 MP: 7/7
  8354 | D:5      | Found a broken altar of Ashenzari.
  8980 | D:5      | Identified the +0 chain mail "Fuibbaimp" {Str+3}
  9040 | D:6      | Noticed a hornet
  9049 | D:6      | Paralysed by a hornet for 1 turns
  9056 | D:6      | Killed a hornet
  9748 | D:6      | Noticed a cyclops
  9756 | D:6      | Reached skill level 9 in Axes
  9756 | D:6      | Killed a cyclops
  9769 | D:6      | Reached XP level 9. HP: 53/79 MP: 8/8
 10751 | D:6      | Found Yssic's Distillery.
 10941 | D:6      | Reached skill level 10 in Axes
 11610 | D:7      | Noticed a troll
 11620 | D:7      | Killed a troll
 12159 | D:7      | Found a sand-covered staircase.
 12164 | Ossuary  | Entered an ossuary
 12254 | Ossuary  | Reached *** piety under Trog
 12625 | D:7      | Reached skill level 10 in Armour
 12628 | D:7      | Reached skill level 11 in Axes
 13057 | D:7      | Noticed a manticore
 13616 | D:7      | Killed a manticore
 13617 | D:7      | Reached XP level 10. HP: 16/88 MP: 9/9
 15976 | D:8      | Noticed a two-headed ogre
 15987 | D:8      | Killed a two-headed ogre
 15988 | D:8      | Reached skill level 12 in Axes
 16846 | D:8      | Noticed Grum
 16856 | D:8      | Killed Grum
 16938 | D:8      | Found a staircase to the Lair.
 17162 | D:8      | Noticed Amaemon
 17164 | D:8      | Noticed an orange demon
 17170 | D:8      | Killed Amaemon
 17176 | D:8      | Killed an orange demon
 17652 | D:9      | Noticed a purple ugly thing
 17661 | D:9      | Killed a purple ugly thing
 18220 | D:9      | Reached XP level 11. HP: 97/97 MP: 10/10
 18969 | D:9      | Reached skill level 13 in Axes
 19853 | D:10     | Entered Level 10 of the Dungeon
 19864 | D:10     | Reached skill level 10 in Fighting
 21270 | D:10     | Reached skill level 14 in Axes
 21439 | D:10     | Found a glowing silver altar of Zin.
 22111 | D:11     | Noticed a boulder beetle
 22125 | D:11     | Killed a boulder beetle
 23625 | D:11     | Noticed a six-headed hydra
 23634 | D:11     | Killed an 11-headed hydra
 24899 | D:11     | Reached skill level 15 in Axes
 25480 | D:11     | Reached skill level 5 in Dodging
 25746 | Lair:1   | Entered Level 1 of the Lair of Beasts
 25746 | Lair:1   | Found the +8 trident of the Octopus King {venom, rElec
                  | rPois}
 25861 | Lair:1   | Reached XP level 12. HP: 110/110 MP: 11/11
 28158 | Lair:2   | Reached skill level 16 in Axes
 28978 | Lair:3   | Reached **** piety under Trog
 29377 | Lair:3   | Found a runed translucent gate.
 29378 | Lair:3   | Found a runed translucent gate.
 29378 | Lair:3   | Found a runed translucent gate.
 29378 | Lair:3   | Noticed a 13-headed hydra
 29379 | Lair:3   | Noticed Gelos's ghost (journeyman HuCj)
 29380 | Lair:3   | Noticed a nine-headed hydra
 29643 | Lair:3   | Mangled by a bog body

Illustrated notes

Levels and vault maps discovered:
D:1:      wander_arrival_lonely_grave, layout_basic,
          ebering_ecumenical_altar_rust
D:2:      layout_basic, minmay_misc_feat_tower, grunt_decor_mini_mirrors
D:3:      layout_basic, mainiacjoe_overflow_divided_tiny
D:4:      layout_loops_ring, grunt_temple_overflow_opulence,
          general_overflow_altar, mainiacjoe_overflow_24_doors, temple_doors_ab
D:5:      layout_basic, mainiacjoe_overflow_paths
D:6:      layout_basic, serial_shops, nicolae_shop_behind_doors,
          minmay_increasing_density
D:7:      layout_basic, nicolae_ossuary_entry_giza, minmay_manual_mess
D:8:      layout_rooms, lair_entry_dummy, serial_co_window_serial,
          co_window_corner_a, co_window_corner_a, co_window_paths_a,
          co_window_paths_b, co_window_corner_a, co_window_of_opportunity_c,
          co_window_corner_b, co_window_corner_cb, co_window_of_opportunity_b,
          co_window_broadway_c, glass_columns_b, uniq_grum, uniq_amaemon
D:9:      layout_irregular_city
D:10:     layout_loops_ring, mainiacjoe_overflow_six_doors_small
D:11:     layout_stronghold, lightli_orcish_oven
D:12:     layout_loops_ring, erik_orc_1, chequers_serial_rivers_small_b,
          uniq_sonja, uniq_kirke, uniq_nergalle
Lair:1:   layout_roguey
Lair:2:   layout_cave_pods
Lair:3:   layout_regular_city, nicolae_swamp_entry_splash_gauntlet,
          gammafunk_ghost_hydra_chop

Skill      XL: |  1  2  3  4  5  6  7  8  9 10 11 12 |
---------------+-------------------------------------+-----
Fighting       | 4 5 6 7 8 9 11 12 | 12.1
Axes           | 4 5 6 8 9 11 12 15 16 | 16.7
Armour         | 3 4 5 6 8 10 12 13 14 | 14.8
Dodging        | 3 4 5 |  5.4
Stealth        | 1 2 |  2.6
Unarmed Combat | |  0.9

Action                   |  1- 3 |  4- 6 |  7- 9 | 10-12 || total
-------------------------+-------+-------+-------+-------++-------
Melee: Hand axe          |    54 |   145 |   268 |    81 ||   548
       Headbutt          |     8 |    16 |    47 |    80 ||   151
       Battleaxe         |       |       |       |   376 ||   376
       Unarmed           |       |       |       |     4 ||     4
Invok: Berserk           |     3 |     9 |    16 |    36 ||    64
  Use: Scroll            |       |       |    19 |     4 ||    23
Armor: Animal skin       |    12 |     2 |       |       ||    14
       Chain mail        |       |    77 |   120 |   339 ||   536
Dodge: Dodged            |    35 |    65 |   130 |   217 ||   447

Table legend: (Time is in decaauts)
 A = Elapsed time spent in this place.
 B = Non-inter-level travel time spent in this place.
 C = Inter-level travel time spent in this place.
 D = Time resting spent in this place.
 E = Time spent auto-exploring this place.
 F = Levels seen in this place.
 G = Mean time per level.
                   A        B        C        D        E       F      G
               +--------+--------+--------+--------+--------+-----+--------+
         Total |  30194 |  29479 |    715 |  16712 |  10796 |  16 | 1887.1 |
       Dungeon |  25963 |  25327 |    636 |  15375 |   8291 |  12 | 2163.6 |
          Lair |   3921 |   3843 |     78 |   1337 |   2293 |   3 | 1307.0 |
       Ossuary |    309 |    309 |      0 |      0 |    212 |   1 |  309.0 |
               +--------+--------+--------+--------+--------+-----+--------+

Top non-repeatable levels by time:
     D:6: 4500 daAuts
    D:11: 3873 daAuts
     D:5: 2792 daAuts
     D:8: 2368 daAuts
     D:9: 2284 daAuts
     D:7: 2036 daAuts
     D:4: 1902 daAuts
     D:2: 1863 daAuts
    D:10: 1694 daAuts
     D:3: 1641 daAuts
  Lair:2: 1571 daAuts
  Lair:1: 1313 daAuts
  Lair:3: 1037 daAuts
     D:1: 1003 daAuts
 Ossuary: 309 daAuts
